Cogmind - Beta 13 *** ADVENTURER MODE // 2024.05.05 @ 19:56:02 // Winter2019/RPGLIKE Player: XorOwl Result: Smashed by cave-in Performance ------------- Evolutions (6) 3000 Regions Visited (20) 4000 Robots Destroyed (386) 1930 Value Destroyed (19999) 19999 Prototype IDs (28) 560 Alien Tech Used (0) 0 Bonus (17813) 17813 TOTAL SCORE: 47302 Bonus ------- High Alert Combat Kills 5101 Follower Combat Kills 8053 Entered Garrisons 1000 Used RIF Installer 3500 Network Hubs Disabled 400 Built Enhanced Grunts 300 Met R17 at Cetus 500 Friendly Fire -1041 Cogmind --------- Core Integrity 0/1400 Matter 184/300 Energy 37/560 System Corruption 11% Temperature Cool (81) Movement Flying (99) Ox1 Location -4/Factory Parts ------- > --- POWER (1) -------- Cooled Deuterium Engine > --- PROPULSION (5) --- Cooled Nuclear Pulse Thruster Nuclear Pulse Array Cooled Field Propulsion Drive Cooled Field Propulsion Drive > --- UTILITY (10) ----- Experimental Signal Interpreter Advanced Targeting Computer Thermal Defense Suite Improved Remote Shield Relay Coupler [Specialist] (17) Relay Coupler [Hunter] (3) Dynamic Insulation System > --- WEAPON (3) ------- Advanced Plasma Cannon KE Penetrator Enhanced Coil Gun (fused) > --- INVENTORY (4) ---- Improved Datajack Improved Remote Datajack Peak State ------------ > --- POWER ------------ Cooled Deuterium Engine > --- PROPULSION ------- Cooled Nuclear Pulse Thruster Nuclear Pulse Array Cooled Field Propulsion Drive Cooled Field Propulsion Drive > --- UTILITY ---------- Experimental Signal Interpreter Advanced Targeting Computer Thermal Defense Suite Improved Remote Shield Relay Coupler [NC] Relay Coupler [Grunt] Relay Coupler [Specialist] Relay Coupler [Hunter] Relay Coupler [Proto] Dynamic Insulation System > --- WEAPON ----------- Advanced Plasma Cannon KE Penetrator Enhanced Coil Gun > --- INVENTORY -------- Improved Datajack Improved Remote Datajack [Rating: 110] Favorites ----------- Power Cooled Deuterium Engine Engine Cooled Deuterium Engine Power Core Light Nuclear Core Reactor Cold Fusion Reactor Propulsion Nuclear Pulse Array Treads Light Treads Leg Aluminum Leg Flight Unit Nuclear Pulse Array Utility Advanced Targeting Computer Device Dynamic Insulation System Storage Improved Matter Compressor Processor Advanced Targeting Computer Hackware Relay Coupler [Hunter] Weapon Ion Cannon Energy Gun Precision Beam Rifle Energy Cannon Ion Cannon Ballistic Gun Gauss Rifle Launcher Subdweller Shrapnel Launcher Special Weapon Improved Remote Datajack Slashing Weapon Katana Special Melee Weapon Improved Datajack Build | -11 -10 -10 -8 -8 -8 -7 -7 -7 -7 -6 -6 -6 -6 -6 -6 -5 -5 -4 -4 -4 ------- Run | Yrd Mat Sub Mat Gar Mat Fac Gar Fac Gar Fac Ext Cet Arc Hub Gar Fac Gar Fac Was Fac Slots Evolved 15 | 5 . . 4 1 . 1 . . . 1 1 . . . . 1 . 1 . . Power . | . . . . . . . . . . . . . . . . . . . . . Propulsion 4 | 2 . . 1 . . . . . . . 1 . . . . . . . . . Utility 9 | 2 . . 3 1 . 1 . . . 1 . . . . . . . 1 . . Weapon 2 | 1 . . . . . . . . . . . . . . . 1 . . . . Parts Attached 271 | 7 14 1 19 24 8 22 17 12 23 20 12 . 2 1 19 26 5 29 . 10 Power 15 | 1 1 . 2 1 . 2 . 1 2 . . . . . . 5 . . . . Engine 10 | 1 1 . . . . 2 . 1 1 . . . . . . 4 . . . . Core 4 | . . . 2 1 . . . . 1 . . . . . . . . . . . Reactor 1 | . . . . . . . . . . . . . . . . 1 . . . . Propulsion 35 | 2 3 . 5 7 3 2 . 2 . 1 1 . . . . 6 . 1 . 2 Treads 8 | 2 2 . 4 . . . . . . . . . . . . . . . . . Leg 3 | . 1 . . 2 . . . . . . . . . . . . . . . . Wheel . | . . . . . . . . . . . . . . . . . . . . . Hover . | . . . . . . . . . . . . . . . . . . . . . Flight 24 | . . . 1 5 3 2 . 2 . 1 1 . . . . 6 . 1 . 2 Utility 93 | 2 2 . 8 8 4 5 10 3 4 4 3 . . 1 10 8 3 12 . 6 Device 45 | 2 1 . 2 1 3 5 . 1 . 3 3 . . 1 4 7 1 7 . 4 Storage 1 | . . . . . . . . . . . . . . . . . . 1 . . Processor 11 | . 1 . 5 1 . . . . . . . . . . . 1 . 3 . . Hackware 36 | . . . 1 6 1 . 10 2 4 1 . . . . 6 . 2 1 . 2 Protection . | . . . . . . . . . . . . . . . . . . . . . Artifact . | . . . . . . . . . . . . . . . . . . . . . Weapon 128 | 2 8 1 4 8 1 13 7 6 17 15 8 . 2 . 9 7 2 16 . 2 Energy Gun 5 | 2 1 . 1 1 . . . . . . . . . . . . . . . . Energy Cannon 11 | . . . 1 3 1 1 1 1 . . . . . . . 2 . 1 . . Ballistic Gun 39 | . 4 . 2 . . . . 1 7 6 4 . 1 . 3 1 1 8 . 1 Ballistic Cannon . | . . . . . . . . . . . . . . . . . . . . . Launcher 1 | . . 1 . . . . . . . . . . . . . . . . . . Special Weapon 33 | . . . . . . . 1 2 3 8 3 . 1 . 5 2 . 7 . 1 Impact Weapon . | . . . . . . . . . . . . . . . . . . . . . Slashing Weapon 13 | . . . . . . 6 3 . 2 . . . . . 1 1 . . . . Piercing Weapon . | . . . . . . . . . . . . . . . . . . . . . Special Melee Weapon 26 | . 3 . . 4 . 6 2 2 5 1 1 . . . . 1 1 . . . Unidentified Prototypes 17 | . . . 3 . . 2 . 1 . 2 . . . . . 5 . 2 . 2 Parts Lost 7 | . . . 1 . . . . . . . . . . . . 1 . . . 5 Power . | . . . . . . . . . . . . . . . . . . . . . Propulsion 1 | . . . . . . . . . . . . . . . . 1 . . . . Utility 5 | . . . . . . . . . . . . . . . . . . . . 5 Weapon 1 | . . . 1 . . . . . . . . . . . . . . . . . Highest Loss Streak 5 | . . . 1 . . . . . . . . . . . . 1 . . . 5 To Critical Strikes . | . . . . . . . . . . . . . . . . . . . . . Average Slot Usage (%) 93 | . 94 100 95 98 90 91 92 92 93 92 92 94 94 94 94 92 94 92 94 93 Engine 4 | . 10 11 2 . . 3 6 6 6 6 5 5 5 5 5 5 5 5 5 5 Core 1 | . . . 4 7 7 3 . . . . . . . . . . . . . . Treads 4 | . 25 33 23 10 . . . . . . . . . . . . . . . . Flight 17 | . . . 5 16 21 20 20 19 20 18 21 23 23 23 23 21 22 21 21 20 Device 11 | . 26 33 15 4 11 14 7 5 6 5 16 17 17 17 9 5 11 10 10 9 Processor 13 | . 5 . 20 31 14 13 13 13 13 12 11 11 11 11 11 11 11 9 10 10 Hackware 23 | . . . 6 10 21 22 31 33 33 36 23 23 23 23 30 31 27 29 31 30 Energy Gun 1 | . 11 7 3 4 . . . . . . . . . . . . . . . . Energy Cannon 4 | . . . 4 6 6 6 3 2 6 6 5 5 5 5 5 5 5 4 5 5 Ballistic Gun 3 | . 9 11 3 . . . . 2 4 2 2 5 4 5 1 4 9 9 10 9 Special Weapon 1 | . . . . . . . 4 3 . 3 1 . . . 3 4 . 1 . . Special Melee Weapon 1 | . . . . 2 7 3 . . . . . . . . . . . . . . Naked Turns . | . . . . . . . . . . . . . . . . . . . . . Heaviest Build 44 | 11 11 17 20 24 25 26 26 23 23 27 32 32 32 32 28 37 38 40 40 44 Greatest Support 85 | 45 65 65 85 65 30 30 30 30 30 30 47 38 38 43 38 46 40 43 43 43 Greatest Overweight (x) 1 | . . . . 1 . . . . . . . . . . . . . . . 1 Average Overweight (x) . | . . . . . . . . . . . . . . . . . . . . . Largest Inventory Capacity 4 | 1 1 1 1 3 3 3 4 4 4 4 4 4 4 4 4 4 4 4 4 4 Average Capacity 3 | 1 1 1 1 1 3 3 3 4 4 4 4 4 4 4 4 4 4 4 4 4 Most Carried 4 | . 1 1 1 3 3 3 4 4 4 4 4 4 4 4 4 4 4 4 4 4 Average Carried 3 | . . 1 . 1 2 2 3 3 3 3 3 4 4 4 3 3 3 3 4 3 Final Capacity 4 | 1 1 1 1 3 3 3 4 4 4 4 4 4 4 4 4 4 4 4 4 4 Final Carried 4 | . 1 1 1 3 3 3 4 4 4 4 4 4 4 4 4 3 4 4 4 2 Class Distribution -------------------- 17% | Commander-Sprinter 15% | Commander-Mutant 15% | Wizard-Scout 14% | Hacker-Skirmisher 12% | Botlord-Sprinter 12% | Wizard-Sprinter 3% | Hacker-Mutant Dominant Class ---------------- Mutant | -10/Materials Hacker-Skirmisher | -10/Subcaves Hacker-Skirmisher | -8/Materials Hacker-Skirmisher | -8/Garrison Wizard-Scout | -8/Materials Wizard-Scout | -7/Factory Hacker-Mutant | -7/Garrison Commander-Mutant | -7/Factory Commander-Mutant | -7/Garrison Commander-Sprinter | -6/Factory Commander-Sprinter | -6/Extension Commander-Sprinter | -6/Cetus Commander-Sprinter | -6/Archives Wizard-Sprinter | -6/Hub_04(d) Wizard-Sprinter | -6/Garrison Wizard-Sprinter | -5/Factory Wizard-Sprinter | -5/Garrison Botlord-Sprinter | -4/Factory Botlord-Sprinter | -4/Waste Botlord-Sprinter | -4/Factory Resources | -11 -10 -10 -8 -8 -8 -7 -7 -7 -7 -6 -6 -6 -6 -6 -6 -5 -5 -4 -4 -4 ----------- Run | Yrd Mat Sub Mat Gar Mat Fac Gar Fac Gar Fac Ext Cet Arc Hub Gar Fac Gar Fac Was Fac Matter Collected 7871 | 270 180 20 701 240 80 220 300 341 475 490 697 60 47 136 570 721 515 1396 . 412 Remotely 431 | . . . 431 . . . . . . . . . . . . . . . . . Salvage Created 17310 | 210 650 . 1523 843 246 1798 476 573 449 382 1547 140 109 301 878 1685 1360 3583 . 557 Parts 870 | 13 31 . 85 34 27 89 22 31 39 43 57 4 2 22 25 90 68 148 . 40 Haulers Intercepted 23 | . 1 . 5 . 1 3 . . . . 5 . . 1 . 2 . 4 . 1 Recyclers Shooed 12 | . 5 . 3 . . 1 . . . 1 2 . . . . . . . . . Parts Field Recycled . | . . . . . . . . . . . . . . . . . . . . . Retrieved Matter . | . . . . . . . . . . . . . . . . . . . . . Parts Self-Destructed 5 | . . 5 . . . . . . . . . . . . . . . . . . Prevented . | . . . . . . . . . . . . . . . . . . . . . Kills | -11 -10 -10 -8 -8 -8 -7 -7 -7 -7 -6 -6 -6 -6 -6 -6 -5 -5 -4 -4 -4 ------- Run | Yrd Mat Sub Mat Gar Mat Fac Gar Fac Gar Fac Ext Cet Arc Hub Gar Fac Gar Fac Was Fac Combat Hostiles Destroyed 267 | . 11 . 31 20 4 29 8 7 13 7 9 1 1 6 6 31 32 43 . 8 Melee 14 | . . . . . . 8 5 . . . . . . . . 1 . . . . Guns 112 | . 10 . 10 8 . . . 4 8 2 3 . 1 5 1 10 19 27 . 4 Cannons 121 | . . . 13 12 4 20 3 3 5 5 6 1 . 1 5 16 11 12 . 4 AOE 10 | . . . 7 . . 1 . . . . . . . . . 1 . 1 . . Classes Destroyed 23 | 3 4 . 5 1 . 4 . 1 1 . . . . . 1 1 . 1 . 1 Worker 22 | 2 2 . 1 . 3 1 . 2 . . 3 . . 1 . . . 5 . 2 Builder 14 | . . . 2 . 1 2 . 1 . 2 1 . . 1 . 1 . 3 . . Tunneler 4 | 3 . . . . . 1 . . . . . . . . . . . . . . Hauler 23 | . 1 . 5 . 1 3 . . . . 5 . . 1 . 2 . 4 . 1 Recycler 15 | 1 3 . 2 . . 3 . 1 . . 5 . . . . . . . . . Mechanic 4 | . . . 1 . . . . . . . 1 . . . . . . 2 . . Operator 4 | . . . 2 . . 1 . . . . . . . 1 . . . . . . Drone 1 | . . . . . . . . . . . . . . . . 1 . . . . Watcher 32 | . 3 . 5 1 1 4 . 3 . 2 1 1 . 1 . 3 . 4 . 3 Swarmer 78 | . 6 . 15 6 2 8 . . 6 . 2 . . 2 3 4 17 7 . . Cutter 5 | . . . . . . . . . 1 2 . . . . . . . 2 . . Saboteur 2 | . . . . . . . . . . . . . . . 1 1 . . . . Grunt 79 | . 5 . 7 9 . 11 1 5 1 . 2 . . 1 2 11 7 16 . 1 Brawler 5 | . . . . . . 2 . . . . 1 . . . . 2 . . . . Duelist 4 | . . . . . . 1 . 1 . . . . . . . . . 2 . . Protector 2 | . . . . . . 1 . . . . . . . 1 . . . . . . Sentry 41 | . . . 7 2 2 4 3 . 4 2 3 . 1 2 . . 3 7 . 1 Demolisher 2 | . . . . . . . . 1 . . . . . . . 1 . . . . Specialist 6 | . . . . 3 . . . . . 1 . . . . . 2 . . . . Hunter 16 | . . . 2 . . . . . . 1 . . . . . 4 2 5 . 2 Programmer 26 | . . . . . . 2 4 . 3 1 1 . . . . 6 3 4 . 2 Behemoth 1 | . . . . . . . . . . . . . . . . . . 1 . . Cetus Guard 1 | . . . . . . . . . . . . 1 . . . . . . . . Assembled 2 | . . . . . . . . . . . . . . . . . . . . 2 Best Kill Streak 14 | 3 7 . 14 6 4 6 3 3 3 2 12 2 1 3 3 6 11 11 . 10 Combat Bots Only 11 | . 7 . 10 6 2 5 3 2 3 2 2 1 1 2 3 5 11 6 . 3 Max Kills in Single Turn 3 | 2 2 . 3 2 1 2 1 2 2 1 2 1 1 2 1 2 3 2 . 2 Gunslinging 1 | . 1 . . . . . . . . . . . . . . . . 1 . . Exploded 3 | . . . 3 . . 1 . . . . . . . . . 1 . 1 . . Melee 1 | . . . . . . 1 1 . . . . . . . . 1 . . . . Uniques/NPCs Destroyed . | . . . . . . . . . . . . . . . . . . . . . Combat | -11 -10 -10 -8 -8 -8 -7 -7 -7 -7 -6 -6 -6 -6 -6 -6 -5 -5 -4 -4 -4 -------- Run | Yrd Mat Sub Mat Gar Mat Fac Gar Fac Gar Fac Ext Cet Arc Hub Gar Fac Gar Fac Was Fac Hostile Shots Fired 2302 | . 58 . 139 98 8 298 146 40 213 112 244 49 6 92 97 183 147 307 . 65 Missed 998 | . 13 . 40 28 4 143 56 24 94 53 123 29 4 31 39 84 55 146 . 32 Damage Taken 13765 | . 340 . 1113 638 26 1429 436 220 572 433 663 308 22 1064 463 1747 1056 1674 . 1561 Core 10950 | . 270 . 890 503 21 1147 338 169 437 340 500 252 17 867 368 1397 863 1340 . 1231 Absorbed by Shields 2795 | . . . . . 2 178 107 65 204 200 358 164 6 195 15 275 . 744 . 282 Redirected to Core 8768 | . 216 . 713 416 12 853 253 141 320 260 396 188 17 686 296 1165 615 1035 . 1186 Ignored by Resistances 7114 | . 113 . 449 312 15 733 266 136 379 285 643 260 20 453 240 874 585 1089 . 262 Regen/Repaired (Parts) 250 | . . . 55 . . 168 . 8 . . . . . . . . . . . 19 Core Remaining (%) 96 | 100 . 84 . . 100 . . . 100 . . . . . 97 . 97 . . . Volleys Fired 1290 | 12 61 . 105 71 29 138 58 49 67 62 106 15 7 29 93 124 69 147 . 48 Largest 3 | 2 2 . 2 2 1 1 1 2 2 2 2 2 1 2 2 2 3 3 . 3 Hottest 161 | 100 100 . 121 121 60 60 60 88 88 88 88 88 28 88 88 160 161 161 . 161 Shots Fired 2314 | 24 115 . 195 122 29 138 58 78 121 103 174 30 7 57 116 232 176 412 . 127 Gun 1113 | 24 115 . 105 53 . . . 29 54 41 68 15 6 29 23 95 107 271 . 78 Cannon 995 | . . . 72 69 29 138 31 29 54 43 70 15 . 28 53 123 69 130 . 42 Launcher 18 | . . . 18 . . . . . . . . . . . . . . . . . Special 188 | . . . . . . . 27 20 13 19 36 . 1 . 40 14 . 11 . 7 Kinetic 929 | . 44 . 69 . . . . 29 54 41 68 15 6 29 23 95 107 271 . 78 Thermal 1197 | 24 71 . 126 122 29 138 31 29 54 43 70 15 . 28 53 123 69 130 . 42 Explosive . | . . . . . . . . . . . . . . . . . . . . . Electromagnetic . | . . . . . . . . . . . . . . . . . . . . . Robot Hit Streak 49 | 9 32 . 22 46 27 36 20 25 40 32 44 49 19 39 34 46 40 49 . 21 Robot Miss Streak 5 | 1 3 . 5 1 1 2 1 2 2 2 2 5 . 2 3 3 2 1 . 2 Penetration Max 2 | . . . . . . . . 1 1 1 1 1 . 1 1 1 1 2 . 1 Secondary Targets 5 | . 3 . . . . . . . . . . . . . . . . 2 . . Max Gunslinging Chain 1 | . 1 . . . . . . . . . . . . . . . . 1 . . Shots Hit Robots 1830 | 17 92 . 146 98 34 171 52 66 91 83 153 23 6 45 113 181 109 282 . 68 Core Hits 689 | 7 35 . 72 37 9 61 16 22 29 24 52 6 2 27 27 73 39 118 . 33 Critical Kills 25 | . . . . . 1 . . . 1 1 1 . . . . 5 6 9 . 1 Critical Parts Destroyed 27 | . . . 1 . . . . . 1 1 1 . . . 1 3 1 15 . 3 Critical Strikes 70 | 3 4 . 3 1 1 5 1 . 4 2 2 . . . 1 8 7 24 . 4 Burn 10 | 3 4 . 2 1 . . . . . . . . . . . . . . . . Meltdown 8 | . . . . . 1 . . . . . 1 . . . . 2 1 3 . . Destroy 44 | . . . 1 . . . . . 2 2 1 . . . 1 6 6 21 . 4 Sever 8 | . . . . . . 5 1 . 2 . . . . . . . . . . . Melee Attacks 178 | . 4 . . 27 6 58 39 5 8 1 . . . . 28 1 1 . . . Impact . | . . . . . . . . . . . . . . . . . . . . . Slashing 128 | . . . . . . 49 38 5 8 . . . . . 28 . . . . . Piercing . | . . . . . . . . . . . . . . . . . . . . . Sneak Attacks 45 | . 4 . . 17 4 14 1 4 . . . . . . . 1 . . . . Combat Hostiles 2 | . . . . 1 . . 1 . . . . . . . . . . . . . Follow-up Attacks . | . . . . . . . . . . . . . . . . . . . . . Damage Inflicted 46609 | 225 971 . 3816 1447 638 4323 804 1287 1854 1547 2998 600 102 1284 3387 6150 3855 9289 . 2032 Guns 18113 | 225 971 . 1320 639 . . . 483 747 730 1375 330 102 452 268 2242 1635 5431 . 1163 Cannons 21106 | . . . 1268 808 638 2724 439 510 914 817 1623 270 . 504 909 3193 2220 3515 . 754 Explosions 2729 | . . . 1228 . . . . . . . . . . 328 . 715 . 343 . 115 Melee 4661 | . . . . . . 1599 365 294 193 . . . . . 2210 . . . . . Ramming . | . . . . . . . . . . . . . . . . . . . . . Kinetic 16986 | . 308 . 1720 . . . . 483 747 730 1375 330 102 452 268 2242 1635 5431 . 1163 Thermal 23805 | 225 663 . 2096 1447 638 2724 439 510 914 817 1623 270 . 504 909 3371 2220 3681 . 754 Explosive 714 | . . . . . . . . . . . . . . . . 537 . 177 . . Electromagnetic 443 | . . . . . . . . . . . . . . 328 . . . . . 115 Impact . | . . . . . . . . . . . . . . . . . . . . . Slashing 4661 | . . . . . . 1599 365 294 193 . . . . . 2210 . . . . . Piercing . | . . . . . . . . . . . . . . . . . . . . . Highest Corruption 8 | . 1 1 . . . . . . 1 . . . . 6 3 1 2 . . 8 Average Corruption 1 | . 1 1 . . . . . . 1 . . . . 4 1 1 1 . . 1 Corruption Purged 5 | . . . . . . . . . . . . . . 3 2 . . . . . Corruption Blocked . | . . . . . . . . . . . . . . . . . . . . . Effects 49 | . 8 2 . . . . . . 2 . . . . 4 8 8 12 . . 5 Message Errors 8 | . 2 . . . . . . . . . . . . . 2 1 2 . . 1 Matter Fused 14 | . 2 . . . . . . . 1 . . . . 2 . 2 6 . . 1 Heat Flow Errors 7 | . 2 . . . . . . . . . . . . . 2 1 2 . . . Energy Discharges 5 | . 1 1 . . . . . . 1 . . . . . . 1 . . . 1 Parts Rejected 1 | . . . . . . . . . . . . . . . . 1 . . . . Parts Fused 1 | . . . . . . . . . . . . . . . . 1 . . . . Data Loss (minor) 8 | . . . . . . . . . . . . . . 2 4 1 1 . . . Data Loss (major) 2 | . 1 1 . . . . . . . . . . . . . . . . . . Misfires 1 | . . . . . . . . . . . . . . . . . . . . 1 Weapon Failures 2 | . . . . . . . . . . . . . . . . . 1 . . 1 Overload Shots . | . . . . . . . . . . . . . . . . . . . . . Overflow Damage 706 | . . . 111 . 14 129 . 43 . 7 40 . . 1 44 135 119 36 . 27 Projectiles 370 | . . . 65 . 14 39 . . . 7 40 . . 1 1 38 119 19 . 27 Explosions 160 | . . . 46 . . . . . . . . . . . . 97 . 17 . . Melee 176 | . . . . . . 90 . 43 . . . . . . 43 . . . . . Knockbacks . | . . . . . . . . . . . . . . . . . . . . . Impact . | . . . . . . . . . . . . . . . . . . . . . Kinetic . | . . . . . . . . . . . . . . . . . . . . . Secondary . | . . . . . . . . . . . . . . . . . . . . . Self-Inflicted Damage 222 | . . . 110 . . . . . . . . . . 81 . . . . . 31 Shots 8 | . . . 5 . . . . . . . . . . 1 . . . . . 2 Rammed . | . . . . . . . . . . . . . . . . . . . . . Targets Rammed . | . . . . . . . . . . . . . . . . . . . . . Kicked . | . . . . . . . . . . . . . . . . . . . . . Crushed . | . . . . . . . . . . . . . . . . . . . . . Highest Temperature 318 | 105 263 . 318 264 . 18 . . . . 5 . . . 230 102 304 68 . 84 Average Temperature 50 | 45 61 . 68 90 . 8 . . . . 4 . . . 128 14 32 12 . 15 Received Heat Transfer 3535 | . 183 . 243 396 9 588 199 103 219 137 298 74 14 142 93 273 255 241 . 68 Effects 3 | . . . 2 . . . . . . . . . . . . . 1 . . . Energy Bleed 3 | . . . 2 . . . . . . . . . . . . . 1 . . . Siege Activations . | . . . . . . . . . . . . . . . . . . . . . Robots Corrupted . | . . . . . . . . . . . . . . . . . . . . . Combat Hostiles . | . . . . . . . . . . . . . . . . . . . . . Parts Fried 3 | . . . . . . . . . . . 1 . . 2 . . . . . . Impact Corruptions . | . . . . . . . . . . . . . . . . . . . . . Robots Melted 12 | . 1 . 1 . 1 . . . . . 1 . . . . 3 2 3 . . Combat Hostiles 10 | . 1 . 1 . . . . . . . . . . . . 3 2 3 . . Parts Melted 65 | 1 4 . 9 6 . 6 1 1 4 2 3 . . . . 7 7 13 . 1 Heat Transferred 37190 | 888 2257 . 3996 2679 1036 4216 548 814 1387 1258 2553 444 . 756 1406 4315 2550 5012 . 1075 Parts Sabotaged 4 | . . . . . . . . . . . . . . . . 4 . . . . Parts Stolen . | . . . . . . . . . . . . . . . . . . . . . Parts Stripped . | . . . . . . . . . . . . . . . . . . . . . Power Chain Reactions 1 | . . . . . . . . . . . . . . . . . . . . 1 Alert | -11 -10 -10 -8 -8 -8 -7 -7 -7 -7 -6 -6 -6 -6 -6 -6 -5 -5 -4 -4 -4 ------- Run | Yrd Mat Sub Mat Gar Mat Fac Gar Fac Gar Fac Ext Cet Arc Hub Gar Fac Gar Fac Was Fac Peak Influence 2300 | 30 255 . 436 1120 626 540 647 556 1304 1117 925 539 249 826 949 1631 2300 1966 589 527 Initial 1046 | . 16 . . 38 470 61 24 293 152 592 113 342 181 72 393 431 989 1046 574 363 Average 537 | 9 75 . 147 634 392 154 393 274 805 675 613 505 236 379 765 1068 1680 1277 582 470 Maximum Alert Level 5 | . 1 . 2 4 2 2 2 2 4 4 3 2 1 3 3 5 5 5 2 2 Low Security (%) 28 | 100 91 . 67 17 15 70 17 35 14 . 7 . 15 39 . . . . . . Level 1 17 | . 8 . 27 10 42 21 36 40 5 7 12 5 84 16 1 . . . . 18 Level 2 25 | . . . 5 34 42 7 46 24 19 55 42 94 . 32 32 9 . . 100 81 Level 3 15 | . . . . 30 . . . . 28 36 37 . . 11 66 35 5 30 . . Level 4 9 | . . . . 7 . . . . 32 . . . . . . 54 44 45 . . Level 5 3 | . . . . . . . . . . . . . . . . . 49 23 . . High Security . | . . . . . . . . . . . . . . . . . . . . . Max Security . | . . . . . . . . . . . . . . . . . . . . . Squads Dispatched 101 | . 1 . 3 . 3 15 . 13 . 11 5 . . 7 . 20 . 17 . 6 Investigation 30 | . 1 . 1 . 1 5 . 7 . 5 2 . . 1 . 3 . 3 . 1 Extermination 14 | . . . . . . 3 . 3 . 2 . . . . . 3 . 2 . 1 Reinforcement 22 | . . . 2 . . 3 . . . 2 . . . 4 . 5 . 5 . 1 Assault 23 | . . . . . 1 2 . . . 2 3 . . . . 6 . 6 . 3 Garrison 12 | . . . . . 1 2 . 3 . . . . . 2 . 3 . 1 . . Intercept . | . . . . . . . . . . . . . . . . . . . . . Searches Triggered . | . . . . . . . . . . . . . . . . . . . . . Construction Impeded 3 | . . . 1 . . . . . . . . . . 1 . 1 . . . . Haulers Reinforced 8 | . . . . . . 2 . . . . . . . . . 2 . 3 . 1 Active Scanning Responses . | . . . . . . . . . . . . . . . . . . . . . Cargo Convoy Interrupts 1 | . . . . . . . . . . . . . . . . 1 . . . . Stealth | -11 -10 -10 -8 -8 -8 -7 -7 -7 -7 -6 -6 -6 -6 -6 -6 -5 -5 -4 -4 -4 --------- Run | Yrd Mat Sub Mat Gar Mat Fac Gar Fac Gar Fac Ext Cet Arc Hub Gar Fac Gar Fac Was Fac Distress Signals 20 | . 2 . 4 . 2 2 . . . 1 2 . . 2 . 3 . . . 2 Communications Jammed 362 | . . . . . . . . 1 . 11 28 74 . 78 . 45 . 97 . 28 Distress Signals 361 | . . . . . . . . 1 . 10 28 74 . 78 . 45 . 97 . 28 Times Spotted 688 | . 19 . 44 43 18 50 29 39 32 52 60 10 4 27 26 93 39 76 6 21 Peak Tracking Total 12 | . 4 . 5 8 4 5 3 5 8 6 10 5 2 6 5 9 7 12 6 5 Tactical Retreats 16 | . . . . 3 1 . . . . 1 . . . . . 6 1 2 . 2 Traps | -11 -10 -10 -8 -8 -8 -7 -7 -7 -7 -6 -6 -6 -6 -6 -6 -5 -5 -4 -4 -4 ------- Run | Yrd Mat Sub Mat Gar Mat Fac Gar Fac Gar Fac Ext Cet Arc Hub Gar Fac Gar Fac Was Fac Traps Triggered 21 | . 2 . 1 4 . . 6 . 1 . . . . . 4 . 2 1 . . Indirectly . | . . . . . . . . . . . . . . . . . . . . . Trap Hack Attempts 175 | . 9 . . 42 . 67 2 12 18 3 4 . . . . 14 4 . . . Triggered 3 | . . . . . . 2 . . 1 . . . . . . . . . . . Disarmed 24 | . . . . 2 . . 1 13 3 2 3 . . . . . . . . . Reprogrammed 43 | . 2 . . 6 . 21 . 3 3 . . . . . . 6 2 . . . Reused 5 | . . . . . . . . 2 . . . . . . . 3 . . . . Traps Extracted . | . . . . . . . . . . . . . . . . . . . . . Installed . | . . . . . . . . . . . . . . . . . . . . . Triggered 6 | . . . . . . . . 2 . . . . . . . 4 . . . . Machines | -11 -10 -10 -8 -8 -8 -7 -7 -7 -7 -6 -6 -6 -6 -6 -6 -5 -5 -4 -4 -4 ---------- Run | Yrd Mat Sub Mat Gar Mat Fac Gar Fac Gar Fac Ext Cet Arc Hub Gar Fac Gar Fac Was Fac Machines Disabled 120 | . . . 6 6 1 4 4 . 7 2 5 . . 15 6 30 9 19 . 6 Max in Single Turn 12 | . . . 1 1 . 1 1 . 1 1 1 . . 12 1 5 2 3 . 1 Garrison Access 5 | . . . . . 1 2 . . . . . . . . . . . 1 . 1 Garrison Relay 26 | . . . . 6 . . 5 . 5 . . . . . 6 . 4 . . . Phase Generator 1 | . . . . . . . . . . . . . . . . . 1 . . . Network Hub 2 | . . . . . . . . . . . . . . 2 . . . . . . Machines Repaired . | . . . . . . . . . . . . . . . . . . . . . Machines Dismantled . | . . . . . . . . . . . . . . . . . . . . . Machines Sabotaged . | . . . . . . . . . . . . . . . . . . . . . Overloaded Fab Kills . | . . . . . . . . . . . . . . . . . . . . . Hacking | -11 -10 -10 -8 -8 -8 -7 -7 -7 -7 -6 -6 -6 -6 -6 -6 -5 -5 -4 -4 -4 --------- Run | Yrd Mat Sub Mat Gar Mat Fac Gar Fac Gar Fac Ext Cet Arc Hub Gar Fac Gar Fac Was Fac Machines Accessed 130 | . 6 . 11 4 4 23 2 17 4 16 13 1 1 3 4 6 3 9 . 3 Terminals 96 | . 6 . 8 4 3 12 2 9 4 12 13 1 . 2 4 3 3 8 . 2 Fabricators 13 | . . . . . . 3 . 5 . 3 . . . . . 2 . . . . Repair Stations 6 | . . . 1 . . 3 . 1 . . . . . . . . . . . 1 Recycling Units 1 | . . . . . . 1 . . . . . . . . . . . . . . Scanalyzers 3 | . . . 1 . 1 1 . . . . . . . . . . . . . . Garrison Access 10 | . . . 1 . . 3 . 2 . 1 . . . 1 . 1 . 1 . . Total Hacks 523 | . 26 . 49 5 32 86 4 61 4 66 29 1 10 9 16 44 3 63 . 15 Successful 410 | . 19 . 42 4 29 78 2 50 4 54 22 1 10 7 8 25 3 40 . 12 Failed 111 | . 7 . 7 1 3 8 2 11 . 11 7 . . 2 8 19 . 22 . 3 Catastrophic 10 | . 1 . . . . . . . . . 1 . . . 1 4 . 2 . 1 Database Lockouts 2 | . . . . . . . . . . 1 . . . . . . . 1 . . Manual 274 | . 23 . 25 . 12 40 . 30 . 36 21 2 . 4 11 24 . 41 . 5 Terminals 420 | . 26 . 41 5 18 60 4 40 4 57 29 1 . 7 16 35 3 62 . 12 Fabricators 29 | . . . . . . 6 . 12 . 7 . . . . . 4 . . . . Repair Stations 19 | . . . 4 . . 10 . 2 . . . . . . . . . . . 3 Recycling Units 2 | . . . . . . 2 . . . . . . . . . . . . . . Scanalyzers 21 | . . . 3 . 14 4 . . . . . . . . . . . . . . Garrison Access 22 | . . . 1 . . 4 . 7 . 2 . . . 2 . 5 . 1 . . Terminal Hacks 252 | . 14 . 26 4 12 40 2 24 4 34 15 1 10 3 6 16 3 31 . 7 Record 26 | . . . . . . 1 . . . 2 . . 10 . . . . 12 . 1 Part Schematic 8 | . 2 . . . . . . 1 . 3 . . . 1 . 1 . . . . Robot Schematic 7 | . . . . . . 4 . . . 1 . . . . . . . 2 . . Robot Analysis 12 | . . . 3 . 1 1 . . . 2 1 . . . . 2 . . . 2 Prototype ID Bank 4 | . 1 . 1 . . 1 . . . 1 . . . . . . . . . . Open Door 13 | . . . . 1 . . . . 1 . 8 1 . . 1 . 1 . . . Open DSF 1 | . . . . . . 1 . . . . . . . . . . . . . . Level Access Points 1 | . . . . . . . . . . 1 . . . . . . . . . . Branch Access Points 6 | . 1 . 1 . . . . . . 2 1 . . . . . . . . 1 Emergency Access Points 12 | . 1 . 1 1 . 2 1 . 1 2 . . . . 1 . 1 . . 1 Machine Index 2 | . . . . . . 1 . 1 . . . . . . . . . . . . Terminal Index 9 | . 1 . 2 . 1 1 . 1 . 1 . . . . . 1 . 1 . . Fabricator Index 4 | . . . 1 . . 1 . 1 . 1 . . . . . . . . . . Garrison Index 7 | . . . 1 . 1 2 . . . 1 . . . . . 1 . 1 . . Alert Level 6 | . 2 . 3 . . . . 1 . . . . . . . . . . . . Unreport Threat 28 | . 1 . 2 . 2 3 . 1 . 6 2 . . 1 2 2 . 5 . 1 Locate Traps 7 | . . . 1 . 1 3 . 1 . . 1 . . . . . . . . . Disarm Traps 2 | . . . . . . . . 2 . . . . . . . . . . . . Dispatch Records 5 | . 1 . . . 1 2 . . . . . . . . . . . 1 . . Maintenance Status 2 | . 1 . . . . 1 . . . . . . . . . . . . . . Security Status 2 | . . . . . . . . 1 . 1 . . . . . . . . . . Surveillance Status 1 | . . . . . . . . . . 1 . . . . . . . . . . Patrol Status 4 | . . . 1 . . 1 . 2 . . . . . . . . . . . . Transport Status 4 | . . . . . . 1 . 1 . 2 . . . . . . . . . . Investigation Status 6 | . . . . . 1 2 . 1 . . . . . . . 1 . 1 . . Extermination Status 5 | . . . . . . 1 . 2 . . . . . . . 2 . . . . Reinforcement Status 4 | . . . 1 . . . . . . 2 . . . . . 1 . . . . Assault Status 5 | . . . . . . . . 2 . . . . . . . 1 . 2 . . Intercept Status 1 | . . . 1 . . . . . . . . . . . . . . . . . Coupling Status 1 | . . . . . . 1 . . . . . . . . . . . . . . Recall Investigation 5 | . . . . . . 2 . 1 . . . . . . . 1 . 1 . . Recall Extermination 1 | . . . . . . . . . . . . . . . . . . 1 . . Recall Reinforcements 4 | . . . 1 . . 1 . . . 1 . . . . . . . 1 . . Recall Assault 5 | . . . . . . 1 . 1 . . . . . . . . . 3 . . Hauler Manifests 3 | . . . 1 . 1 . . 1 . . . . . . . . . . . . Registered Components 6 | . 1 . . . 1 . . 1 . 1 . . . . . 1 . . . 1 Registered Prototypes 4 | . . . . . . 1 . 1 . 1 . . . . . 1 . . . . Zone Layout 21 | . 2 . 5 . 2 5 . 1 . 2 2 . . 1 . 1 . . . . Garrison Registry 4 | . . . . 1 . . . . 1 . . . . . 1 . 1 . . . Patrol Navigation 2 | . . . . 1 . . . . 1 . . . . . . . . . . . Security Stations 2 | . . . . . . . 1 . . . . . . . 1 . . . . . Fabricator Hacks 28 | . . . . . . 6 . 12 . 6 . . . . . 4 . . . . Load Schematic 14 | . . . . . . 3 . 6 . 3 . . . . . 2 . . . . Build 14 | . . . . . . 3 . 6 . 3 . . . . . 2 . . . . Repair Station Hacks 19 | . . . 4 . . 10 . 2 . . . . . . . . . . . 3 Scan Component 10 | . . . 2 . . 5 . 1 . . . . . . . . . . . 2 Repair 9 | . . . 2 . . 5 . 1 . . . . . . . . . . . 1 Recycling Unit Hacks 1 | . . . . . . 1 . . . . . . . . . . . . . . Report Inventory 1 | . . . . . . 1 . . . . . . . . . . . . . . Scanalyzer 21 | . . . 3 . 14 4 . . . . . . . . . . . . . . Insert Component 10 | . . . 1 . 7 2 . . . . . . . . . . . . . . Analyze 11 | . . . 2 . 7 2 . . . . . . . . . . . . . . Garrison Access Hacks 9 | . . . 1 . . 3 . 2 . 1 . . . 1 . 1 . . . . Unlock Access 9 | . . . 1 . . 3 . 2 . 1 . . . 1 . 1 . . . . Unauthorized Hacks 79 | . 5 . 8 . 3 13 . 10 . 13 7 . . 3 2 4 . 9 . 2 Terminals 72 | . 5 . 8 . 3 11 . 9 . 12 7 . . 2 2 3 . 8 . 2 Assimilate 2 | . . . . . . . . . . . 2 . . . . . . . . . Botnet 70 | . 5 . 8 . 3 11 . 9 . 12 5 . . 2 2 3 . 8 . 2 Fabricators . | . . . . . . . . . . . . . . . . . . . . . Repair Stations . | . . . . . . . . . . . . . . . . . . . . . Recycling Units 1 | . . . . . . 1 . . . . . . . . . . . . . . Reject 1 | . . . . . . 1 . . . . . . . . . . . . . . Scanalyzers . | . . . . . . . . . . . . . . . . . . . . . Garrison Access 6 | . . . . . . 1 . 1 . 1 . . . 1 . 1 . 1 . . Reprogram 6 | . . . . . . 1 . 1 . 1 . . . 1 . 1 . 1 . . Data Cores Recovered 5 | . . . 1 . 1 . . . . 1 1 . . . . 1 . . . . Used 2 | . . . . . . . . . . 1 1 . . . . . . . . . Hacking Detections 90 | . 6 . 8 1 3 18 . 14 2 14 4 1 . 1 1 6 . 8 . 3 Full Trace Events 22 | . 1 . . . . 5 . 6 . 4 2 . . . . 2 . 2 . . Feedback Events 1 | . 1 . . . . . . . . . . . . . . . . . . . Corruption 1 | . 1 . . . . . . . . . . . . . . . . . . . Feedback Blocked . | . . . . . . . . . . . . . . . . . . . . . Robot Schematics Acquired 7 | . . . . . . 4 . . . 1 . . . . . . . 2 . . Robots Built 20 | . . . . . . 4 . 7 . 6 . . . . . 3 . . . . Authchips 1 | . . . . . . . . 1 . . . . . . . . . . . . Time 1275 | . . . . . . 204 . 634 . 312 . . . . . 125 . . . . Total Robot Build Rating 76 | . . . . . . 15 . 26 . 24 . . . . . 11 . . . . Part Schematics Acquired 18 | . 2 . 1 . 7 2 . 1 . 3 . . . 1 . 1 . . . . Parts Built . | . . . . . . . . . . . . . . . . . . . . . Authchips . | . . . . . . . . . . . . . . . . . . . . . Time . | . . . . . . . . . . . . . . . . . . . . . Total Part Build Rating . | . . . . . . . . . . . . . . . . . . . . . Parts Repaired 9 | . . . 2 . . 5 . 1 . . . . . . . . . . . 1 Time 301 | . . . 32 . . 179 . 28 . . . . . . . . . . . 62 Parts Recycled . | . . . . . . . . . . . . . . . . . . . . . Recycled Matter . | . . . . . . . . . . . . . . . . . . . . . Retrieved Matter . | . . . . . . . . . . . . . . . . . . . . . Retrieved Components . | . . . . . . . . . . . . . . . . . . . . . Parts Scanalyzed 10 | . . . 1 . 7 2 . . . . . . . . . . . . . . Part Schematics Acquired 10 | . . . 1 . 7 2 . . . . . . . . . . . . . . Parts Damaged . | . . . . . . . . . . . . . . . . . . . . . Bothacking | -11 -10 -10 -8 -8 -8 -7 -7 -7 -7 -6 -6 -6 -6 -6 -6 -5 -5 -4 -4 -4 ------------ Run | Yrd Mat Sub Mat Gar Mat Fac Gar Fac Gar Fac Ext Cet Arc Hub Gar Fac Gar Fac Was Fac Used RIF Installer 7 | . . . . 2 . . 1 . 2 . . . . . 1 . 1 . . . Command Fork 1 | . . . . . . . . . 1 . . . . . . . . . . . Signal Jammer 1 | . . . . . . . 1 . . . . . . . . . . . . . Robot Detection 1 | . . . . 1 . . . . . . . . . . . . . . . . Patrol Navigation 1 | . . . . . . . . . . . . . . . . . 1 . . . Program Shield 1 | . . . . . . . . . . . . . . . 1 . . . . . Autooverride 1 | . . . . . . . . . 1 . . . . . . . . . . . Robots Hacked 140 | . 2 . . 11 5 8 23 15 4 20 5 . 1 2 8 16 1 16 . 3 Non-combat 40 | . 2 . . . 4 8 . 4 . 7 1 . 1 . . 7 . 5 . 1 Combat 100 | . . . . 11 1 . 23 11 4 13 4 . . 2 8 9 1 11 . 2 Autooverrided 19 | . . . . . . . . . . 4 3 . . 2 . 4 . 6 . . Robot Hacks Applied 123 | . 2 . . 11 5 8 23 15 4 17 2 . 1 . 8 13 1 10 . 3 no_distress 5 | . 2 . . . . 2 . . . . . . 1 . . . . . . . generate_echo 2 | . . . . . 1 1 . . . . . . . . . . . . . . find_chute 1 | . . . . . . . . . . . . . . . . 1 . . . . ignore_repairs 1 | . . . . . . 1 . . . . . . . . . . . . . . map_walls 1 | . . . . . . . . 1 . . . . . . . . . . . . find_fabricator 1 | . . . . . . . . . . 1 . . . . . . . . . . drop_inventory 4 | . . . . . 1 1 . 1 . 1 . . . . . . . . . . find_terminals 1 | . . . . . . . . . . . 1 . . . . . . . . . find_garrison 1 | . . . . . . . . . . . . . . . . . . . . 1 scatter_targeting 1 | . . . . . . . 1 . . . . . . . . . . . . . disable_weapons 1 | . . . . . . . 1 . . . . . . . . . . . . . reboot_system 2 | . . . . . . . . 1 . . . . . . . 1 . . . . formatsys_low 10 | . . . . . 1 2 . 1 . 2 . . . . . 3 . 1 . . formatsys_high 92 | . . . . 11 2 1 21 11 4 13 1 . . . 8 8 1 9 . 2 Relay Couplers Released 51 | . . . . 10 1 1 9 . 11 . . . . . 10 . 7 1 . 1 Machine Destruction 49 | . . . . 10 1 1 9 . 9 . . . . . 10 . 7 1 . 1 Programmers 2 | . . . . . . . . . 2 . . . . . . . . . . . Attached 31 | . . . . 5 1 . 9 1 4 . . . . . 6 . 2 1 . 2 Fabnet Peak Effective % . | . . . . . . . . . . . . . . . . . . . . . Robots Rewired 43 | . . . . 10 . . . . 4 . 20 . . . 9 . . . . . Allies Hacked 14 | . . . . . . 2 . 1 1 1 2 . . . . 5 2 . . . Hacks Repelled 1 | . . . . . . . . . . . 1 . . . . . . . . . Allies | -11 -10 -10 -8 -8 -8 -7 -7 -7 -7 -6 -6 -6 -6 -6 -6 -5 -5 -4 -4 -4 -------- Run | Yrd Mat Sub Mat Gar Mat Fac Gar Fac Gar Fac Ext Cet Arc Hub Gar Fac Gar Fac Was Fac Total Allies 232 | . . . . 23 3 8 21 20 10 30 35 5 . 3 20 24 5 18 . 7 Largest Group 33 | . . . . 19 16 10 19 33 21 25 33 22 21 18 17 17 6 6 . 7 Highest-Rated Group 1090 | . . . . 326 270 211 430 783 530 759 1029 1090 926 851 764 764 220 300 . 355 Highest-Rated Ally 159 | . . . . 31 31 40 40 40 40 47 159 159 96 96 90 90 80 80 . 65 Total Orders 1 | . . . . . . . . 1 . . . . . . . . . . . . AID 1 | . . . . . . . . 1 . . . . . . . . . . . . Ally Attacks 1380 | . . . . 65 78 43 30 124 82 178 226 68 27 117 36 204 28 64 . 10 Total Damage 36456 | . . . . 992 1489 1189 495 3069 1989 4618 7433 1512 762 2771 1096 5714 765 2299 . 263 Kills 293 | . . . . 8 17 11 3 29 22 39 62 8 4 19 15 32 10 13 . 1 Allies Corrupted 10 | . . . . . . 2 . . 1 . . . . 4 . 2 . 1 . . Allies Melted 3 | . . . . . . . . . . . 2 . . . . 1 . . . . Intel | -11 -10 -10 -8 -8 -8 -7 -7 -7 -7 -6 -6 -6 -6 -6 -6 -5 -5 -4 -4 -4 ------- Run | Yrd Mat Sub Mat Gar Mat Fac Gar Fac Gar Fac Ext Cet Arc Hub Gar Fac Gar Fac Was Fac Robot Analysis Total 12 | . . . 3 . 1 1 . . . 2 1 . . . . 2 . . . 2 Derelict Logs Recovered . | . . . . . . . . . . . . . . . . . . . . . Drone Launches . | . . . . . . . . . . . . . . . . . . . . . Drone Recoveries . | . . . . . . . . . . . . . . . . . . . . . Exploration | -11 -10 -10 -8 -8 -8 -7 -7 -7 -7 -6 -6 -6 -6 -6 -6 -5 -5 -4 -4 -4 ------------- Run | Yrd Mat Sub Mat Gar Mat Fac Gar Fac Gar Fac Ext Cet Arc Hub Gar Fac Gar Fac Was Fac Turns Passed 21548 | 127 1187 292 2109 1170 946 2496 1012 2350 864 1541 1303 387 111 378 909 1401 711 1396 23 835 Spaces Moved 17879 | 57 393 68 1019 845 663 2225 1099 1803 803 1490 1076 432 139 532 941 1310 752 1530 73 629 Core 16 | 9 . . . 7 . . . . . . . . . . . . . . . . Treads 1727 | 48 393 68 1019 199 . . . . . . . . . . . . . . . . Legs 51 | . . . . 51 . . . . . . . . . . . . . . . . Wheels . | . . . . . . . . . . . . . . . . . . . . . Hover . | . . . . . . . . . . . . . . . . . . . . . Flight 16085 | . . . . 588 663 2225 1099 1803 803 1490 1076 432 139 532 941 1310 752 1530 73 629 Fastest Speed 20 | 50 160 160 160 26 34 34 34 34 34 30 27 27 27 20 27 22 29 29 31 29 Average Speed 43 | 142 160 160 160 64 34 34 34 34 34 30 27 27 27 24 27 29 29 30 31 29 Slowest Speed 160 | 160 160 160 160 160 34 34 34 34 34 34 30 27 27 27 27 34 29 31 31 99 Overloaded Moves 179 | . . . . . . . . . . . . . . 168 . 11 . . . . Propulsion Burnouts . | . . . . . . . . . . . . . . . . . . . . . Robots Hopped 58 | . . . . . . 9 . 8 . 17 11 . 2 . . 4 . 7 . . Cave-ins Triggered 6 | . . . 1 . . . . . . . . . . . . . . . . 5 Exploration Rate (%) 60 | 4 67 8 75 86 60 56 91 45 78 41 93 78 98 45 87 31 94 32 75 16 Regions Visited 20 Branch Regions 5 Pre-discovered Areas . | . . . . . . . . . . . . . . . . . . . . . Known Exits Taken 10 | . . . 1 . 1 1 . 1 . 1 1 1 1 1 . 1 . . . . Unknown Exits Taken 3 | 1 1 1 . . . . . . . . . . . . . . . . . . Scrap Searched 1 | . . 1 . . . . . . . . . . . . . . . . . . Spaces Dug 107 | . . . 19 . . 2 5 . . . . . . . 1 2 7 35 . 36 Terrain Destroyed 942 | . . . 231 . 1 2 5 1 2 . 1 . . 172 3 144 103 221 . 56 Melee 7 | . . . . . . 2 5 . . . . . . . . . . . . . Projectile 236 | . . . 2 . 1 . . 1 2 . 1 . . . 3 26 27 117 . 56 AOE 699 | . . . 229 . . . . . . . . . . 172 . 118 76 104 . . Terrain Rammed . | . . . . . . . . . . . . . . . . . . . . . Walls Destroyed . | . . . . . . . . . . . . . . . . . . . . . Machines Disabled . | . . . . . . . . . . . . . . . . . . . . . Actions | -11 -10 -10 -8 -8 -8 -7 -7 -7 -7 -6 -6 -6 -6 -6 -6 -5 -5 -4 -4 -4 --------- Run | Yrd Mat Sub Mat Gar Mat Fac Gar Fac Gar Fac Ext Cet Arc Hub Gar Fac Gar Fac Was Fac Total 29259 | 75 838 251 1303 1341 1357 3734 1631 3451 1257 2469 1916 671 202 720 1460 2092 1094 2144 72 1181 Wait 8735 | . 342 182 112 283 622 1206 319 1554 286 885 702 221 57 115 303 536 156 374 . 480 Move 17753 | 56 392 67 1019 844 662 2206 1098 1787 802 1462 1054 431 134 531 940 1301 751 1516 72 628 Hop 49 | . . . . . . 9 . 7 . 10 10 . 2 . . 4 . 7 . . Pick Up 19 | . 1 . 1 2 2 2 5 3 1 1 . . . . . . 1 . . . Fast Attach 105 | 7 8 1 16 11 1 7 4 2 2 4 3 . . 1 6 14 1 13 . 4 Attach 17 | . . . . . 6 1 1 1 . 1 . . . . . 4 . 1 . 2 Detach 16 | . . . . . 6 . 1 . . 1 1 . . 1 1 3 1 1 . . Swap 150 | . 6 . 4 13 1 14 12 9 21 15 9 . 2 . 13 8 4 15 . 4 Drop 86 | . 3 1 14 12 3 3 7 3 3 3 1 . . 1 5 12 1 10 . 4 Fire 1290 | 12 61 . 105 71 29 138 58 49 67 62 106 15 7 29 93 124 69 147 . 48 Melee 178 | . 4 . . 27 6 58 39 5 8 1 . . . . 28 1 1 . . . Ram . | . . . . . . . . . . . . . . . . . . . . . Kick . | . . . . . . . . . . . . . . . . . . . . . Crush . | . . . . . . . . . . . . . . . . . . . . . Escape Stasis 126 | . . . . 8 . . 51 . 9 . . . . . 22 . 36 . . . Rewire 20 | . . . . 5 . 3 3 . 1 2 1 . . . . 4 . 1 . . Trap 175 | . 9 . . 42 . 67 2 12 18 3 4 . . . . 14 4 . . . Miscellaneous 540 | . 12 . 32 23 19 20 31 19 39 19 25 4 . 42 49 67 69 59 . 11 Route ------- -11/Scrapyard -10/Materials (discovered 4 exits: [Mat x2] / *Min / [*Sub]) -10/Subcaves -8/Materials (discovered 4 exits: *Fac x3 / Gar) -8/Garrison (discovered 3 exits: *Mat x3) -8/Materials -7/Factory (discovered 7 exits: *Fac x3 / [*Sto] / [*Low x2] / Gar) -7/Garrison (discovered 3 exits: *Fac x3) -7/Factory (discovered 7 exits: *Fac x3 / [*Sto] / [*Low] / Gar / Gar) -7/Garrison (discovered 4 exits: *Fac x3 / [Fac]) -6/Factory (discovered 9 exits: *Fac x4 / *Low x2 / *Ext x2 / Gar) -6/Extension (discovered 3 exits: *Fac x2 / *Cet) -6/Cetus (discovered 3 exits: *Fac x2 / *Arc) -6/Archives (discovered 3 exits: *Fac / *Hub x2) -6/Hub_04(d) (discovered 2 exits: *Fac / Gar) -6/Garrison (discovered 3 exits: *Fac x3) -5/Factory (discovered 2 exits: *Fac / Gar) -5/Garrison (discovered 3 exits: *Fac x3) -4/Factory -4/Waste -4/Factory (discovered 3 exits: *Res / Upp x2) History --------- Turn | Location | Event 1 | -11/Scrapyard | Upgraded with Propulsion slot (x2) 1 | -11/Scrapyard | Upgraded with Utility slot (x2) 1 | -11/Scrapyard | Upgraded with Weapon slot (x1) 11 | -11/Scrapyard | Discovered new exit (range 15) 128 | -11/Scrapyard | Entered Materials 227 | -10/Materials | Destroyed 7 combat bots 309 | -10/Materials | Build established: Mutant 401 | -10/Materials | Discovered new exit (range 12) 401 | -10/Materials | Identified exit to Mines 508 | -10/Materials | Discovered new exit (range 13) 891 | -10/Materials | Reached level 2 970 | -10/Materials | Discovered new exit (range 14) 1004 | -10/Materials | Discovered new exit (range 8) 1289 | -10/Materials | Build established: Hacker-Skirmisher 1315 | -10/Materials | Entered Subcaves 1504 | -10/Subcaves | Shifting Twisted Machinery released Sub. Shrapnel Launcher 1553 | -10/Subcaves | Discovered new exit (range 12) 1607 | -10/Subcaves | Entered Materials 1609 | -8/Materials | Reached level 3 1609 | -8/Materials | Reached level 4 1609 | -8/Materials | Reached level 5 1609 | -8/Materials | Reached level 6 1611 | -8/Materials | Upgraded with Propulsion slot (x1) 1611 | -8/Materials | Upgraded with Utility slot (x3) 1728 | -8/Materials | Crushed by falling debris 1743 | -8/Materials | Reached level 7 1744 | -8/Materials | Core integrity fell below 50% 1778 | -8/Materials | Destroyed 10 combat bots 1895 | -8/Materials | Discovered new exit (range 12) 2619 | -8/Materials | Discovered new exit (range 16) 2670 | -8/Materials | Repaired Imp. Terrain Scanner 2684 | -8/Materials | Repaired Lgt. Treads 2754 | -8/Materials | Reached level 8 2984 | -8/Materials | Discovered new exit (range 3) 2987 | -8/Materials | Identified exit to Factory 3106 | -8/Materials | Build established: Hacker-Mutant 3121 | -8/Materials | Reached level 9 3442 | -8/Materials | Build established: Hacker-Skirmisher 3716 | -8/Materials | Identified exit to Garrison 3716 | -8/Materials | Entered Garrison 3732 | -8/Garrison | Triggered checkpoint 3746 | -8/Garrison | Reached level 10 3783 | -8/Garrison | Garrison Relay disabled 3890 | -8/Garrison | Triggered checkpoint 4049 | -8/Garrison | Reached level 11 4052 | -8/Garrison | Upgraded with Utility slot (x1) 4128 | -8/Garrison | Triggered checkpoint 4144 | -8/Garrison | Garrison Relay disabled 4192 | -8/Garrison | Installed Relay Interface Framework 4273 | -8/Garrison | Discovered new exit (range 14) 4335 | -8/Garrison | Lost 4 allies 4399 | -8/Garrison | Discovered new exit (range 69) 4399 | -8/Garrison | Discovered new exit (range 35) 4399 | -8/Garrison | Discovered new exit (range 12) 4438 | -8/Garrison | Triggered checkpoint 4452 | -8/Garrison | Garrison Relay disabled 4458 | -8/Garrison | Garrison Relay disabled 4520 | -8/Garrison | Triggered checkpoint 4567 | -8/Garrison | Triggered checkpoint 4571 | -8/Garrison | Garrison Relay disabled 4571 | -8/Garrison | Reached level 12 4579 | -8/Garrison | Build established: Hacker-Sprinter 4608 | -8/Garrison | Rescued a captive Derelict 4609 | -8/Garrison | Rescued a captive Derelict 4616 | -8/Garrison | Triggered checkpoint 4627 | -8/Garrison | Garrison Relay disabled 4638 | -8/Garrison | Expanded RIF knowledge: Robot Detection 4674 | -8/Garrison | Triggered checkpoint 4718 | -8/Garrison | Identified exit to Materials 4819 | -8/Garrison | Lost 3 allies 4886 | -8/Garrison | Entered Materials 4886 | -8/Materials | Accompanied by 16 allies 4960 | -8/Materials | Lost 5 allies 5039 | -8/Materials | Garrison activated, responded to threat 5049 | -8/Materials | Discovered exit to Factory (range 13) 5086 | -8/Materials | Reached level 13 5114 | -8/Materials | Lost 5 allies 5223 | -8/Materials | Build established: Wizard-Scout 5325 | -8/Materials | Met 7R-MNS 5832 | -8/Materials | Entered Factory 5832 | -7/Factory | Accompanied by 7 allies 5833 | -7/Factory | Caught up to 7R-MNS 5834 | -7/Factory | Reached level 14 6157 | -7/Factory | Fabricated O-24 Administrator (x1) 6371 | -7/Factory | Lost 3 allies 6436 | -7/Factory | Garrison activated, responded to threat 6459 | -7/Factory | Reached level 15 6471 | -7/Factory | Identified exit to Garrison 6494 | -7/Factory | Lost 3 allies 6684 | -7/Factory | Discovered new exit (range 12) 6685 | -7/Factory | Discovered new exit (range 6) 6712 | -7/Factory | Identified exit to Factory 6833 | -7/Factory | Fabricated P-60 Hacker (x2) 6882 | -7/Factory | Discovered exit to Factory (range 15) 6903 | -7/Factory | Lost 3 allies 6957 | -7/Factory | Repaired Imp. Datajack 7007 | -7/Factory | Identified exit to Garrison 7046 | -7/Factory | Reached level 16 7054 | -7/Factory | Discovered new exit (range 17) 7090 | -7/Factory | Hacker 4a assimilated hostile W-25 Informer 7122 | -7/Factory | Upgraded with Utility slot (x1) 7150 | -7/Factory | Lost 4 allies 7475 | -7/Factory | Discovered new exit (range 10) 7566 | -7/Factory | Fabricated I-36 Angel (x1) 7670 | -7/Factory | Discovered new exit (range 14) 7815 | -7/Factory | Repaired Field Propulsion Drive 7854 | -7/Factory | Repaired Imp. Terrain Scanner 8006 | -7/Factory | Repaired Ion Cannon 8036 | -7/Factory | Repaired Nuclear Pulse Array 8055 | -7/Factory | Identified exit to Garrison 8303 | -7/Factory | Core integrity fell below 50% 8328 | -7/Factory | Entered Garrison 8328 | -7/Garrison | Accompanied by 1 ally 8360 | -7/Garrison | Triggered checkpoint 8400 | -7/Garrison | Expanded RIF knowledge: Signal Jamming 8405 | -7/Garrison | Garrison Relay disabled 8648 | -7/Garrison | Learned Factory security intel 8702 | -7/Garrison | Triggered checkpoint 8704 | -7/Garrison | Triggered checkpoint 8730 | -7/Garrison | Triggered checkpoint 8738 | -7/Garrison | Triggered checkpoint 8791 | -7/Garrison | Discovered new exit (range 10) 8820 | -7/Garrison | Build established: Hacker-Mutant 8862 | -7/Garrison | Triggered checkpoint 8871 | -7/Garrison | Reached level 17 8883 | -7/Garrison | Garrison Relay disabled 8956 | -7/Garrison | Triggered checkpoint 8958 | -7/Garrison | Garrison Relay disabled 8995 | -7/Garrison | Discovered new exit (range 10) 9058 | -7/Garrison | Triggered checkpoint 9066 | -7/Garrison | Garrison Relay disabled 9075 | -7/Garrison | Garrison Relay disabled 9192 | -7/Garrison | Discovered new exit (range 16) 9249 | -7/Garrison | Build established: Commander-Mutant 9261 | -7/Garrison | Identified exit to Factory 9340 | -7/Garrison | Entered Factory 9340 | -7/Factory | Accompanied by 19 allies 9495 | -7/Factory | Fabricated P-60 Hacker (x2) 9509 | -7/Factory | Identified exit to Garrison 9616 | -7/Factory | Fabricated O-24 Administrator (x1) 9850 | -7/Factory | Discovered new exit (range 17) 9902 | -7/Factory | Lost 3 allies 10271 | -7/Factory | Fabricated I-36 Angel (x1) 10334 | -7/Factory | Repaired Field Propulsion Drive 10549 | -7/Factory | Discovered new exit (range 6) 10662 | -7/Factory | Lost 15 allies 10668 | -7/Factory | Discovered exit to Factory (range 9) 11143 | -7/Factory | Fabricated I-36 Angel? 11215 | -7/Factory | Reached level 18 11359 | -7/Factory | Discovered exit to Factory (range 9) 11541 | -7/Factory | Fabricated I-36 Angel? 11633 | -7/Factory | Fabricated O-24 Administrator (x1) 11651 | -7/Factory | Discovered exit to Factory (range 12) 11653 | -7/Factory | Identified exit to Garrison 11690 | -7/Factory | Entered Garrison 11690 | -7/Garrison | Accompanied by 15 allies 11727 | -7/Garrison | Rescued a captive Derelict 11727 | -7/Garrison | Rescued a captive Derelict 11830 | -7/Garrison | Triggered checkpoint 11830 | -7/Garrison | Triggered checkpoint 11904 | -7/Garrison | Lost 8 allies 11908 | -7/Garrison | Triggered checkpoint 11908 | -7/Garrison | Garrison Relay disabled 11928 | -7/Garrison | Discovered exit to Factory (range 68) 11928 | -7/Garrison | Discovered exit to Factory (range 43) 11928 | -7/Garrison | Discovered exit to Factory (range 65) 11928 | -7/Garrison | Discovered new exit (range 45) 11979 | -7/Garrison | Expanded RIF knowledge: Command Fork 12005 | -7/Garrison | Triggered checkpoint 12078 | -7/Garrison | Expanded RIF knowledge: Autooverride 12090 | -7/Garrison | Garrison Relay disabled 12132 | -7/Garrison | Triggered checkpoint 12202 | -7/Garrison | Triggered checkpoint 12269 | -7/Garrison | Garrison Relay disabled 12328 | -7/Garrison | Triggered checkpoint 12359 | -7/Garrison | Garrison Relay disabled 12378 | -7/Garrison | Garrison Relay disabled 12554 | -7/Garrison | Entered Factory 12554 | -6/Factory | Accompanied by 12 allies 12556 | -6/Factory | Reached level 19 12666 | -6/Factory | Identified exit to Garrison 12672 | -6/Factory | Identified exit to Factory 12854 | -6/Factory | Fabricated P-60 Hacker (x2) 12879 | -6/Factory | Build established: Commander-Sprinter 12983 | -6/Factory | Identified exit to Lower Caves 12983 | -6/Factory | Identified exit to Extension 13002 | -6/Factory | Lost 3 allies 13138 | -6/Factory | Lost 3 allies 13168 | -6/Factory | Reached level 20 13170 | -6/Factory | Upgraded with Utility slot (x1) 13254 | -6/Factory | First assault squad dispatched 13391 | -6/Factory | Fabricated P-60 Hacker? 13428 | -6/Factory | Lost 7 allies 13551 | -6/Factory | Spotted B-75 Beast 13581 | -6/Factory | Allies destroyed B-75 Beast 13639 | -6/Factory | Fabricated P-60 Hacker (x2) 13683 | -6/Factory | Central database locked down 13791 | -6/Factory | Build established: Wizard-Sprinter 14095 | -6/Factory | Entered Extension 14095 | -6/Extension | Accompanied by 17 allies 14203 | -6/Extension | Spotted B-75 Beast 14222 | -6/Extension | Allies destroyed B-75 Beast 14225 | -6/Extension | Spotted B-75 Beast 14233 | -6/Extension | Discovered exit to Factory (range 4) 14251 | -6/Extension | Lost 3 allies 14320 | -6/Extension | Disrupted transfer network 14350 | -6/Extension | Reached level 21 14351 | -6/Extension | Upgraded with Propulsion slot (x1) 14431 | -6/Extension | Discovered new exit (range 17) 14431 | -6/Extension | Discovered exit to Factory (range 16) 14438 | -6/Extension | Identified exit to Cetus 14445 | -6/Extension | First assault squad dispatched 14458 | -6/Extension | P-60 Hacker assimilated allied Informer 5a 14468 | -6/Extension | Disrupted transfer network 14497 | -6/Extension | Lost 3 allies 14538 | -6/Extension | Rescued a captive Derelict 14617 | -6/Extension | Rescued a captive Derelict 14703 | -6/Extension | Rescued A7 14723 | -6/Extension | Rescued a captive Derelict 14723 | -6/Extension | Rescued a captive Derelict 14763 | -6/Extension | Rescued a captive Derelict 14809 | -6/Extension | Rescued a captive Derelict 14833 | -6/Extension | Rescued a captive Derelict 14833 | -6/Extension | Rescued a captive Derelict 14948 | -6/Extension | Build established: Commander-Sprinter 15279 | -6/Extension | Lost 6 allies 15398 | -6/Extension | Entered Cetus 15398 | -6/Cetus | Accompanied by 22 allies (A7) 15402 | -6/Cetus | Spotted Cetus Guard 15403 | -6/Cetus | Acquired a Cetus Manufacturing Module code from A7 15406 | -6/Cetus | Spotted Cetus Guard 15408 | -6/Cetus | Spotted Cetus Guard 15413 | -6/Cetus | Spotted Cetus Guard 15414 | -6/Cetus | Destroyed Cetus Guard 15414 | -6/Cetus | Allies destroyed Cetus Guard 15421 | -6/Cetus | Allies destroyed Cetus Guard 15425 | -6/Cetus | Allies destroyed Cetus Guard 15432 | -6/Cetus | Started Cetus Manufacturing Module 15457 | -6/Cetus | Manufactured an Enhanced Grunt 15480 | -6/Cetus | Discovered new exit (range 16) 15482 | -6/Cetus | Manufactured an Enhanced Grunt 15489 | -6/Cetus | Spotted Cetus Guard 15489 | -6/Cetus | Spotted Cetus Guard 15492 | -6/Cetus | Spotted Cetus Guard 15492 | -6/Cetus | Spotted Cetus Guard 15507 | -6/Cetus | Manufactured an Enhanced Grunt 15516 | -6/Cetus | Allies destroyed Cetus Guard 15521 | -6/Cetus | Allies destroyed Cetus Guard 15523 | -6/Cetus | Allies destroyed Cetus Guard 15525 | -6/Cetus | Reached level 22 15525 | -6/Cetus | Allies destroyed Cetus Guard 15528 | -6/Cetus | Discovered exit to Factory (range 16) 15530 | -6/Cetus | Met Revision 17 15532 | -6/Cetus | Manufactured an Enhanced Grunt 15542 | -6/Cetus | Identified exit to Archives 15546 | -6/Cetus | Lost 3 allies 15557 | -6/Cetus | Manufactured an Enhanced Grunt 15636 | -6/Cetus | Discovered exit to Factory (range 17) 15785 | -6/Cetus | Entered Archives 15785 | -6/Archives | Accompanied by 22 allies (A7) 15808 | -6/Archives | Unable to access archive contents 15808 | -6/Archives | Discovered new exit (range 16) 15811 | -6/Archives | Unable to access archive contents 15811 | -6/Archives | Discovered new exit (range 17) 15813 | -6/Archives | Unable to access archive contents 15814 | -6/Archives | Discovered exit to Factory (range 14) 15824 | -6/Archives | Lost 3 allies 15837 | -6/Archives | Identified exit to Hub_04(d) 15896 | -6/Archives | Entered Hub_04(d) 15896 | -6/Hub_04(d) | Accompanied by 18 allies 15962 | -6/Hub_04(d) | Identified exit to Garrison 16108 | -6/Hub_04(d) | Discovered exit to Factory (range 6) 16124 | -6/Hub_04(d) | Lost 4 allies 16130 | -6/Hub_04(d) | Garrison activated, responded to threat 16140 | -6/Hub_04(d) | Network Hub disabled 16173 | -6/Hub_04(d) | Spotted Lightning 16173 | -6/Hub_04(d) | Spotted Lightning 16173 | -6/Hub_04(d) | Spotted Lightning 16176 | -6/Hub_04(d) | Network Hub disabled 16176 | -6/Hub_04(d) | Spotted B-75 Beast 16191 | -6/Hub_04(d) | Allies destroyed B-75 Beast 16195 | -6/Hub_04(d) | Allies destroyed Lightning 16253 | -6/Hub_04(d) | Lost 14 allies 16274 | -6/Hub_04(d) | Entered Garrison 16279 | -6/Garrison | Expanded RIF knowledge: Program Shield 16316 | -6/Garrison | Triggered checkpoint 16319 | -6/Garrison | Garrison Relay disabled 16327 | -6/Garrison | Garrison Relay disabled 16417 | -6/Garrison | Build established: Wizard-Sprinter 16456 | -6/Garrison | Discovered exit to Factory (range 38) 16456 | -6/Garrison | Discovered exit to Factory (range 57) 16456 | -6/Garrison | Discovered exit to Factory (range 74) 16547 | -6/Garrison | Spotted B-75 Beast 16556 | -6/Garrison | Triggered checkpoint 16575 | -6/Garrison | Allies destroyed B-75 Beast 16586 | -6/Garrison | Triggered checkpoint 16594 | -6/Garrison | Triggered checkpoint 16658 | -6/Garrison | Triggered checkpoint 16696 | -6/Garrison | Garrison Relay disabled 16733 | -6/Garrison | Garrison Relay disabled 16764 | -6/Garrison | Triggered checkpoint 16792 | -6/Garrison | Learned Factory security intel 16794 | -6/Garrison | Garrison Relay disabled 16812 | -6/Garrison | Triggered checkpoint 17090 | -6/Garrison | Triggered checkpoint 17093 | -6/Garrison | Garrison Relay disabled 17183 | -6/Garrison | Entered Factory 17183 | -5/Factory | Accompanied by 17 allies 17185 | -5/Factory | Reached level 23 17185 | -5/Factory | Upgraded with Weapon slot (x1) 17228 | -5/Factory | Build established: Commander-Sprinter 17242 | -5/Factory | Spotted B-75 Beast 17262 | -5/Factory | Allies destroyed B-75 Beast 17303 | -5/Factory | Lost 4 allies 17483 | -5/Factory | First assault squad dispatched 17542 | -5/Factory | Discovered new exit (range 15) 17567 | -5/Factory | Identified exit to Factory 17656 | -5/Factory | Lost 14 allies 17763 | -5/Factory | Reached level 24 17798 | -5/Factory | Identified exit to Garrison 18051 | -5/Factory | Fabricated O-24 Administrator (x1) 18065 | -5/Factory | Build established: Wizard-Sprinter 18196 | -5/Factory | Lost 3 allies 18416 | -5/Factory | Fabricated P-60 Hacker (x2) 18430 | -5/Factory | Hacker 6a assimilated hostile G-50 Soldier 18435 | -5/Factory | Hacker 6a assimilated hostile G-50 Soldier 18470 | -5/Factory | Garrison activated, responded to threat 18484 | -5/Factory | Hacker 6a assimilated hostile G-67 Veteran 18485 | -5/Factory | Hacker 6a assimilated hostile G-50 Soldier 18504 | -5/Factory | Hacker 6a assimilated hostile G-50 Soldier 18520 | -5/Factory | Cargo convoy interrupted 18541 | -5/Factory | Garrison activated, responded to threat 18584 | -5/Factory | Entered Garrison 18584 | -5/Garrison | Accompanied by 2 allies 18589 | -5/Garrison | Discovered exit to Factory (range 50) 18589 | -5/Garrison | Discovered exit to Factory (range 67) 18589 | -5/Garrison | Discovered exit to Factory (range 49) 18596 | -5/Garrison | Triggered checkpoint 18606 | -5/Garrison | Lost 6 allies 18624 | -5/Garrison | Garrison Relay disabled 18642 | -5/Garrison | Rescued a captive Derelict 18643 | -5/Garrison | Rescued a captive Derelict 18656 | -5/Garrison | Triggered checkpoint 18656 | -5/Garrison | Triggered checkpoint 18686 | -5/Garrison | Triggered checkpoint 18739 | -5/Garrison | Lost 6 allies 18769 | -5/Garrison | Destroyed 11 combat bots 18822 | -5/Garrison | Expanded RIF knowledge: Patrol Navigation 18822 | -5/Garrison | Reached level 25 18828 | -5/Garrison | Phase Generator disabled 18829 | -5/Garrison | Met a derelict Sapper fleeing the area 18981 | -5/Garrison | Triggered checkpoint 18997 | -5/Garrison | Garrison Relay disabled 19059 | -5/Garrison | Found Relay Coupler [Proto] 19082 | -5/Garrison | Found embedded Infiltrators 19091 | -5/Garrison | Triggered checkpoint 19139 | -5/Garrison | Garrison Relay disabled 19159 | -5/Garrison | Triggered checkpoint 19196 | -5/Garrison | Garrison Relay disabled 19295 | -5/Garrison | Entered Factory 19295 | -4/Factory | Accompanied by 1 ally 19359 | -4/Factory | Build established: Botlord-Sprinter 19527 | -4/Factory | Spotted B-86 Titan 19532 | -4/Factory | Destroyed B-86 Titan 19795 | -4/Factory | First assault squad dispatched 19811 | -4/Factory | Found Prototype Processor 19811 | -4/Factory | Identified Exp. Signal Interpreter 19871 | -4/Factory | Reached level 26 19940 | -4/Factory | Upgraded with Utility slot (x1) 20096 | -4/Factory | Discovered new exit (range 16) 20152 | -4/Factory | Central database locked down 20329 | -4/Factory | Found Exp. Signal Interpreter 20442 | -4/Factory | Reached level 27 20687 | -4/Factory | Spotted B-86 Titan 20691 | -4/Factory | Sucked down chute 20691 | -4/Factory | Entered Waste 20700 | -4/Waste | Spotted C-40 Crusher 20705 | -4/Waste | Spotted C-40 Crusher 20706 | -4/Waste | Spotted C-40 Crusher 20709 | -4/Waste | Discovered new exit (range 17) 20709 | -4/Waste | Spotted C-40 Crusher 20709 | -4/Waste | Spotted C-40 Crusher 20709 | -4/Waste | Spotted C-40 Crusher 20714 | -4/Waste | Identified exit to Factory 20714 | -4/Waste | Entered Factory 20721 | -4/Factory | Assembled infested Garrison Access 20828 | -4/Factory | Repaired Imp. Remote Shield 20964 | -4/Factory | First assault squad dispatched 21210 | -4/Factory | Allied Derelicts emerged from ambush trap array 21233 | -4/Factory | Identified exit to Upper Caves 21248 | -4/Factory | Discovered new exit (range 16) 21318 | -4/Factory | Identified exit to Research 21502 | -4/Factory | Lost 6 allies 21520 | -4/Factory | Crushed by falling debris 21524 | -4/Factory | Crushed by falling debris 21524 | -4/Factory | Core integrity fell below 50% 21531 | -4/Factory | Crushed by falling debris 21543 | -4/Factory | Crushed by falling debris 21543 | -4/Factory | Core integrity fell below 20% 21549 | -4/Factory | Crushed by falling debris 21549 | -4/Factory | Smashed by cave-in Last Messages --------------- Factory Zone 6N. The unstable cave ceiling collapses. Crushed by falling debris. Relay Coupler [Brawler] destroyed. System corrupted by crushing effect (+1). Slug penetrates Earth. Slug penetrates Wall. The unstable cave ceiling collapses. Crushed by falling debris. Relay Coupler [NC] destroyed. System corrupted by crushing effect (+4). Relay Coupler [Proto] destroyed. System corrupted by crushing effect (+1). System corrupted: FCS attempts to trigger Adv. Plasma Cannon. System corrupted: Adv. Plasma Cannon misfires. The unstable cave ceiling collapses. Crushed by falling debris. Relay Coupler [Grunt] destroyed. System corrupted by crushing effect (+3). Map ----- +----------------------------------------------------+ | # # """""" #?????# """ #??????? | | # """""" # * """""" #?????# """ #??????? | | # """""" # """""" #?????# #??????? | | # """""" # #?????# """ #??????? | | ! # """""" # """""" #?????# """ #??????? | | # # """""" #?????# """ #??????? | | #######??## """""" #?????# #??????? | | ##"##?????????# """""" #?????##########??????? | | ?# #??????????# #?????????????????????? | | ?# #??????????# #?????????????????????? | | ?###??????????###########"##?????????????????????? | | ????????????????????????# #??????????????????????? | | ????????????????????????# #??????????????????????? | | ????????????????????????###??????????????????????? | | ????????????????????????# #??????????????????????? | | ????????????????????????# #??????????????????????? | | ????????????????????????###??????????????????????? | | ????????????????????????# #??????????????????????? | | ????????????????????????# #??????????????????????? | | ????????????????????????# #??????????????????????? | | ????????????????????????# #??????????????????????? | | ????????????????????????# #??????????????????????? | | ????????????????????????# #??????????????????????? | | ????????????????????????# #??????????????????????? | | ???????????????????????## #??????????????????????? | | ???????????????????????# @#??????????????????????? | | ???????????????????????## #??????????????????????? | | ????????????????????????# #??????????????????????? | | ????????????????????????# #??????????????????????? | | ????????????????????????# #??????????????????????? | | ????????????????????????# #??????????????????????? | | ????????????????????????# #??????????????????????? | | ????????????????????????# #??????????????????????? | | ????????????????????????# #??????????????????????? | | ????????????????????????#;#??????????????????????? | | ????????????????????????? ???????????????????????? | | ????????????????????????? ???????????????????????? | | ????????????????????????? ???????????????????????? | | ????????????????????????? ???????????????????????? | | ????????????????????????? ???????????????????????? | | ????????????????????????? ???????????????????????? | | ????????????????????????? ???????????????????????? | | ?????????????????????????????????????????????????? | | ?????????????????????????????????????????????????? | | ?????????????????????????????????????????????????? | | ?????????????????????????????????????????????????? | | ?????????????????????????????????????????????????? | | ?????????????????????????????????????????????????? | | ?????????????????????????????????????????????????? | | ?????????????????????????????????????????????????? | +----------------------------------------------------+ Best States ------------- Heat Dissipation 67 Energy Generation 46 Energy Capacity 560 Matter Stores 300 Matter Capacity 600 Sight Range 18 Robot Scan Range 18 Terrain Scan Range 16 Terrain Scan Density 210 Additional Mass Support 9 EM Shielding 2 Corruption Block 8 Resistance: KI 30 Resistance: TH 40 Resistance: EX 40 Resistance: EM 20 Resistance: I 20 Resistance: S 20 Resistance: P 20 Evasion (%) 66 Targeting Accuracy 14 Armor Integrity Analysis 30 Recoil Reduction 4 Particle Charging 20 Offensive Hacking 64 Defensive Hacking 25 Relay Coupler Types 6 Relay Coupler Value 394 Authchip Count 1 Item Schematics ----------------- Ion Engine | -10/Materials | Hacked Sensor Array | -10/Materials | Hacked Imp. Datajack | -8/Materials | Scanalyzed Prc. Beam Rifle | -8/Materials | Scanalyzed Ion Cannon | -8/Materials | Scanalyzed Nuclear Pulse Array | -8/Materials | Scanalyzed Field Propulsion Drive | -8/Materials | Scanalyzed Imp. VTOL Module | -8/Materials | Scanalyzed Imp. Terrain Scanner | -8/Materials | Scanalyzed Adv. System Restoration Module | -8/Materials | Scanalyzed Shield Generator | -7/Factory | Scanalyzed Katana | -7/Factory | Scanalyzed Imp. Shield Generator | -7/Factory | Hacked Cld. Plasma Rifle | -6/Factory | Hacked Matter Neutralizer | -6/Factory | Hacked Point Defense System | -6/Factory | Hacked Imp. Cryofiber Web | -6/Hub_04(d) | Hacked Adv. Shield Generator | -5/Factory | Hacked Robot Schematics ------------------ O-24 Administrator | -7/Factory | Hacked P-60 Hacker | -7/Factory | Hacked Y-54 Guardian | -7/Factory | Hacked I-36 Angel | -7/Factory | Hacked H-66 Slayer | -6/Factory | Hacked H-77 Assassin | -4/Factory | Hacked G-50 Soldier | -4/Factory | Hacked Fabricated ------------ O-24 Administrator | x1 | -7/Factory P-60 Hacker | x2 | -7/Factory I-36 Angel | x1 | -7/Factory P-60 Hacker | x2 | -7/Factory | Authchip O-24 Administrator | x1 | -7/Factory I-36 Angel | x1 | -7/Factory I-36 Angel | x1 | -7/Factory I-36 Angel | x1 | -7/Factory O-24 Administrator | x1 | -7/Factory P-60 Hacker | x2 | -6/Factory P-60 Hacker | x2 | -6/Factory P-60 Hacker | x2 | -6/Factory O-24 Administrator | x1 | -5/Factory P-60 Hacker | x2 | -5/Factory Alien Tech Used ----------------- None Achievements -------------- Collateral Damage Party Time Prison Break Project G-00 Revising The Future Treasure Hunter War Machine Challenges ------------ None RPGLIKE | -11 -10 -10 -8 -8 -8 -7 -7 -7 -7 -6 -6 -6 -6 -6 -6 -5 -5 -4 -4 -4 --------- Run | Yrd Mat Sub Mat Gar Mat Fac Gar Fac Gar Fac Ext Cet Arc Hub Gar Fac Gar Fac Was Fac Levels Raised 26 | . 1 . 7 3 1 3 1 1 . 2 1 1 . . . 2 1 2 . . XP Earned 43545 | 4000 1530 1000 10204 4560 1132 4890 962 1477 1033 2688 1727 357 126 594 531 2598 968 2782 32 354 XP Spent 42795 | 4000 1500 . 10485 4440 1500 4550 1525 1400 . 2600 2000 1375 . . . 3050 . 3070 . 1300 Upgrades 87 | 10 8 . 34 7 2 4 4 1 . 1 2 3 . . . 7 . 2 . 2 Propulsion Slot 4 | 2 . . 1 . . . . . . . 1 . . . . . . . . . Utility Slot 9 | 2 . . 3 1 . 1 . . . 1 . . . . . . . 1 . . Weapon Slot 2 | 1 . . . . . . . . . . . . . . . 1 . . . . Core Integrity 16 | . 1 . 15 . . . . . . . . . . . . . . . . . Heat Dissipation 7 | 1 . . 2 2 . . 1 . . . . . . . . . . 1 . . Energy Generation 3 | 1 . . . 1 . . . . . . . 1 . . . . . . . . Energy Storage 5 | 1 . . 1 . . 1 . . . . . 2 . . . . . . . . Mass Support 2 | 1 . . . . . . . . . . 1 . . . . . . . . . Inventory Capacity 4 | 1 . . . 2 . . 1 . . . . . . . . . . . . . Sight Range 1 | . . . 1 . . . . . . . . . . . . . . . . . Sensor Range 7 | . 2 . 3 . . . 2 . . . . . . . . . . . . . Terrain Scan Density 1 | . 1 . . . . . . . . . . . . . . . . . . . Ranged Accuracy 4 | . . . . 1 1 . . . . . . . . . . . . . . 2 Hack Attack % 7 | . 2 . 2 . 1 1 . 1 . . . . . . . . . . . . Hack Defense % 4 | . 2 . . . . 1 . . . . . . . . . 1 . . . . KI Resistance % 2 | . . . 2 . . . . . . . . . . . . . . . . . TH Resistance % 2 | . . . 2 . . . . . . . . . . . . . . . . . EX Resistance % 4 | . . . 2 . . . . . . . . . . . . 2 . . . . KI Damage % 1 | . . . . . . . . . . . . . . . . 1 . . . . TH Damage % 1 | . . . . . . . . . . . . . . . . 1 . . . . EX Damage % 1 | . . . . . . . . . . . . . . . . 1 . . . . Protomatter Created 3973 | . 104 . 247 214 66 424 80 97 301 104 202 . . 241 42 586 342 723 . 200 Integrity Restored 11409 | . 219 . 702 510 361 435 681 411 778 367 522 96 . 924 993 1405 1479 1280 . 246 Core 9544 | . 171 . 702 510 301 435 681 411 564 296 440 96 . 713 764 1163 1097 954 . 246 Parts 1865 | . 48 . . . 60 . . . 214 71 82 . . 211 229 242 382 326 . . Protomatter Decayed 5254 | . 10 99 . 132 374 315 . 273 418 442 905 . . 543 67 679 152 648 . 197 Game ------ Seed ScanAlphaDissipator Manual? 0 Play Time 07:41:37 Cumulative 99.1 hours Start 2024.05.05 @ 05:11:20 End 2024.05.05 @ 19:56:02 Sessions 3 Manual Loads 0 Difficulty Adventurer Special Mode Winter2019/RPGLIKE Game No. 36 Rogue 0 Adventurer 36 Explorer 0 Win Type - Total 1 Types 1/0/0/0/0/0/0/0/0 Lore% 36 Gallery% 46 Achievement% 42 Wizard Run 0 Options --------- Layout 1 ASCII 0 Keyboard 0 Movement Mouse Keybinds 0 Fullscreen 2 Font 24/Smallcaps Map View 50x35 Zoom Use 0% Tactical HUD 0 Map Filters NONE Filters NONE Steam 1 RUN: 10d3f7f3-db60-4b44-908e-d048ab9f8224